 Dungeon Crawl Stone Soup version 0.20.1-1-g8b1a95d (console) character file.

16 vuolankoinen the Caller (level 2, -1/12 HPs)
             Began as a Felid Summoner on Nov 7, 2017.
             Slain by a kobold
             ... wielding a +0 short sword
              (8 damage)
             ... on level 1 of the Dungeon.
             The game lasted 00:03:35 (794 turns).

vuolankoinen the Caller (Felid Summoner)             Turns: 794, Time: 00:03:36

Health: -1/12      AC:  1    Str:  4    XL:     2   Next: 37%
Magic:  6/6        EV: 18    Int: 16    God:
Gold:   9          SH:  0    Dex: 16    Spells: 4/5 levels left
                                        Lives:  0   Deaths: 0

rFire    . . .     SeeInvis +   (weapon unavailable)
rCold    . . .     Gourm    .   (shield unavailable)
rNeg     . . .     Faith    .   (armour unavailable)
rPois    .         Spirit   .   (helmet unavailable)
rElec    .         Reflect  .   (cloak unavailable)
rCorr    .         Harm     .   (gloves unavailable)
MR       .....                  (boots unavailable)
Stlth    +++.......             (no amulet)
Regen    0.1/turn               (no ring)
MPRegen  0.1/turn               (no ring)

@: quick
A: no armour, no weapons or thrown items, stealth, claws 1, fangs 3, see
invisible, carnivore 3, speed 1, shaggy fur 1, slow metabolism 1, sharp paws
a: no special abilities


You were on level 1 of the Dungeon.
You were not hungry.

You visited 1 branch of the dungeon, and saw 1 of its levels.

You collected 9 gold pieces.

Inventory:

Scrolls
 c - a scroll of enchant weapon {unknown}
Books
 a - a book of Callings

   Spells                             Type                      Level
   a - Summon Small Mammal            Summoning                    1
   b - Call Imp                       Summoning                    2
   c - Call Canine Familiar           Summoning                    3
   d - Summon Guardian Golem          Hexes/Summoning              3
   e - Summon Lightning Spire         Summoning/Air                4
   f - Summon Ice Beast               Ice/Summoning                4
Comestibles
 b - a meat ration


   Skills:
 * Level 1.4 Fighting
 + Level 3.0 Dodging
 + Level 3.1 Stealth
 + Level 0.2 Unarmed Combat
 - Level 2.0 Spellcasting
 - Level 4.0 Summonings


You had 4 spell levels left.
You knew the following spells:

 Your Spells              Type           Power        Failure   Level  Hunger
a - Summon Small Mammal   Summ           ##..         4%          1    #......


Dungeon Overview and Level Annotations

Branches:
Dungeon (1/15)

Altars:


Innate Abilities, Weirdness & Mutations

You cannot wear armour.
You are incapable of wielding weapons or throwing items.
Your paws allow you to move quietly. (Stealth)
You have sharp claws.
You have razor-sharp teeth.
You have supernaturally acute eyesight. (SInv)
You are carnivorous and can eat meat at any time.
You cover ground quickly.
You are covered in fur. (AC +1)
You have a slow metabolism.
Your sharp claws are effective at attacking unaware monsters.


Message History

There is a stone staircase leading down here.
You see here a dagger.
You start resting.
A kobold comes into view. It is wielding a short sword.
The kobold shouts!
You see here a bread ration.
You scratch the kobold but do no damage.
The kobold closely misses you.
You closely miss the kobold. The kobold misses you.
You scratch the kobold but do no damage.
The kobold hits you with a short sword.
You barely miss the kobold. The kobold closely misses you.
You completely miss the kobold. The kobold closely misses you.
You scratch the kobold but do no damage.
The kobold barely misses you.
You barely miss the kobold. The kobold hits you with a short sword.
You scratch the kobold but do no damage.
The kobold hits you with a short sword!
Ouch! That really hurt!
You die...

#.##.#####...#####.......# .
#.#.....................#
.###....).................#
..#.#...).................#
#.######.#...#.###....#..#
#.# #.#...#.# #.......# #.#
#.#...#.# ###.##.## ##.#
#.#...#.# #...#.##.
...######.......# #........
#.......###...######...#.###
#.#####.# ##...K@..>####...
#.#####.###########.# ###
#.##....(.##### #.#
#.##.#..#.#...####.#.
#.....#.#.........# #.
####.###.##..(.### ##
##.#.####.#.#### #.#
#......# #. #.#.##.# # #h#.#
..b .


You could see a kobold.

Vanquished Creatures
  A leopard gecko (D:1)
  A ball python (D:1)
  3 goblins (D:1)
  A jackal (D:1)
  2 kobolds (D:1)
  A frilled lizard (D:1)
  A rat (D:1)
10 creatures vanquished.

Vanquished Creatures (collateral kills)
  A jackal (D:1)
  2 kobolds (D:1)
3 creatures vanquished.

Grand Total: 13 creatures vanquished

Notes
Turn   | Place    | Note
-------+----------+-------------------------------------------
     0 | D:1      | vuolankoinen the Felid Summoner began the quest for the Orb.
     0 | D:1      | Reached XP level 1. HP: 7/7 MP: 4/4
     3 | D:1      | Noticed an electric eel
     3 | D:1      | Noticed an electric eel
   266 | D:1      | Reached skill level 1 in Fighting
   370 | D:1      | Reached XP level 2. HP: 7/12 MP: 1/6
   794 | D:1      | Slain by a kobold

Skill      XL: |  1  2 |
---------------+-------+-----
Fighting       | 1 |  1.4
Stealth        | 3 |  3.1
Dodging        | 3 |  3.0
Unarmed Combat | |  0.2
Spellcasting   | |  2.0
Summonings     | |  4.0

Action                   || total
-------------------------++-------
Melee: Unarmed           ||    54
       Bite              ||     3
 Cast: Summon Small Mamm ||     6
 Stab: Sleeping          ||     2
       Distracted        ||     1
  Eat: Chunk             ||     2
Dodge: Dodged            ||    37
